Canadiens vs Jets
(R1)
Created - January 2, 2023 at 20:47
Goals
|
| Canadiens |
0 |
2 |
3 |
5 |
| Jets |
4 |
1 |
2 |
7 |
|
Shots
|
| Canadiens |
6 |
7 |
17 |
30 |
| Jets |
9 |
7 |
16 |
32 |
|
1st period
1. Jets , Alex Galchenyuk 9 (Brent Burns 5, Noel Acciari 4) at 6:28
2. Jets , Ryan Johansen 16 (Jussi Jokinen 7) at 15:20
3. Jets , Alex Galchenyuk 10 (Tyler Toffoli 6, Dougie Hamilton 13) at 18:15 (PP)
4. Jets , Nick Bjugstad 10 (Max Domi 10, Tyler Seguin 18) at 19:29
Penalties :
Cam Fowler (Mon) for Hooking (Minor) at 7:56, Philip Larsen (Mon) for Interference (Minor) at 17:22
2nd period
5. Canadiens , Mika Zibanejad 14 (Kevin Shattenkirk 12, Chris Kreider 21) at 3:05
6. Canadiens , Mattias Tedenby 5 (Scott Hartnell 5, Ryan Kesler 11) at 14:34
7. Jets , Jussi Jokinen 4 (Ryan Murray 10, Dougie Hamilton 14) at 15:29
Penalties :
Mattias Tedenby (Mon) for Holding Stick (Minor) at 1:05, Dougie Hamilton (Win) for Kneeing (Minor) at 4:47, Cam Fowler (Mon) for Tripping (Minor) at 11:50, Greg Stewart (Mon) for Tripping (Minor) at 19:42
3rd period
8. Jets , Frank Vatrano 4 (Sam Reinhart 1, Noel Acciari 5) at 2:21
9. Canadiens , Greg Stewart 10 (Mark Stuart 7, Jean-Gabriel Pageau 13) at 7:49
10. Canadiens , Greg Stewart 11 (Steve Downie 8, Jean-Gabriel Pageau 14) at 17:08
11. Canadiens , Scott Hartnell 5 (Ryan Kesler 12, Kevin Shattenkirk 13) at 18:19
12. Jets , Tyler Toffoli 8 (Ryan Johansen 13) at 19:24 (Empty Net)
Penalties :
Cam Fowler (Mon) for Boarding (Minor) at 2:26, Corban Knight (Mon) for Hooking (Minor) at 11:56, Nick Bjugstad (Win) for Roughing (Minor) at 13:00
Goalie Stats
Allen York (Mon), 20 saves from 22 shots - (0.909), L, 1-3-0, 39:57 minutes
John Gibson (Mon), 5 saves from 9 shots - (0.556), 19:29 minutes
Jacob Markstrom (Win), 25 saves from 30 shots - (0.833), W, 10-8-1, 60:00 minutes
Players Stats for Canadiens
Player Name G A P +/- PIM S H SB GA TA FO MP PP MP PK MP
------------------------------------------------------------------------------------
Adam Fox 0 0 0 2 0 0 0 1 0 1 0/0 15:29 2:01 0:00
Brandon Bollig 0 0 0 -1 0 0 1 0 0 0 0/0 8:00 0:05 1:18
Cam Fowler 0 0 0 -1 6 2 5 2 2 1 0/0 26:24 1:02 3:50
Chris Kreider 0 1 1 0 0 5 2 0 2 2 1/1 20:53 1:38 3:43
Corban Knight 0 0 0 -1 2 1 1 1 0 1 1/2 8:12 0:06 1:16
Greg Stewart 2 0 2 0 2 5 0 0 0 0 2/2 14:29 1:20 0:00
Ian White 0 0 0 -2 0 1 1 1 1 0 0/0 15:57 0:00 6:08
Jean-Gabriel Pageau 0 2 2 0 0 1 0 2 0 0 14/28 21:05 1:20 6:53
Jordan Szwarz 0 0 0 -1 0 0 0 0 0 0 0/1 6:47 0:05 0:00
Kevin Shattenkirk 0 2 2 -1 0 1 0 2 1 1 0/0 30:01 2:02 7:16
Mark Stuart 0 1 1 2 0 0 2 0 0 0 0/0 18:08 1:01 2:14
Mattias Tedenby 1 0 1 1 2 1 1 1 1 0 0/1 10:21 1:37 0:00
Mika Zibanejad 1 0 1 0 0 4 1 0 0 0 16/23 20:53 1:38 3:43
Phil Kessel 0 0 0 -1 0 1 1 0 0 0 0/2 16:44 1:20 0:00
Philip Larsen 0 0 0 -2 2 0 0 1 0 1 0/0 14:06 0:00 4:16
Ryan Kesler 0 2 2 0 0 1 1 0 0 0 3/7 9:50 0:00 0:00
Scott Hartnell 1 1 2 0 0 5 0 0 0 0 0/0 15:53 0:00 6:51
Steve Downie 0 1 1 0 0 2 1 0 0 1 1/3 13:54 0:00 0:00
Players Stats for Jets
Player Name G A P +/- PIM S H SB GA TA FO MP PP MP PK MP
------------------------------------------------------------------------------------
Adam Larsson 0 0 0 2 0 2 0 0 1 0 0/0 14:48 0:00 1:27
Alex Galchenyuk 2 0 2 0 0 4 2 0 2 0 0/1 21:08 6:47 0:39
Alexander Wennberg 0 0 0 -1 0 1 0 1 0 0 3/4 11:10 0:02 0:17
Anthony Mantha 0 0 0 -1 0 0 2 1 0 0 0/0 12:27 0:02 1:34
Brent Burns 0 1 1 -1 0 0 0 0 0 1 0/0 18:37 3:44 0:49
Dougie Hamilton 0 2 2 -1 2 2 2 1 1 0 0/0 26:49 8:08 0:39
Frank Vatrano 1 0 1 2 0 3 1 0 0 0 0/0 8:04 0:02 0:33
Jussi Jokinen 1 1 2 -1 0 3 1 1 0 0 0/1 10:28 0:00 0:00
Marco Scandella 0 0 0 3 0 0 0 0 0 1 0/0 14:44 0:00 1:35
Max Domi 0 1 1 0 0 1 2 1 1 0 0/1 18:46 5:03 0:17
Nick Bjugstad 1 0 1 0 2 6 0 0 0 1 0/1 19:12 5:02 0:27
Noel Acciari 0 2 2 1 0 0 0 0 0 0 5/6 6:40 0:00 0:00
Ryan Johansen 1 1 2 1 0 3 4 0 2 2 18/40 22:08 6:47 1:29
Ryan Murray 0 1 1 -1 0 1 3 0 0 2 0/0 23:34 3:44 1:36
Sam Reinhart 0 1 1 1 0 3 2 0 0 0 0/0 6:40 0:00 0:00
Troy Stetcher 0 0 0 0 0 0 1 3 0 0 0/0 21:43 8:08 0:00
Tyler Seguin 0 1 1 0 0 1 1 0 1 0 5/14 18:46 5:03 0:17
Tyler Toffoli 1 1 2 1 0 2 3 1 0 0 1/2 20:16 6:47 0:33
3 Stars
1 - Alex Galchenyuk (Win)
2 - Ryan Johansen (Win)
3 - Tyler Toffoli (Win)
Power Play
Canadiens - 0 on 2 Attempt(s) - 0.00%
Jets - 1 on 7 Attempt(s) - 14.29%
Penalty Kill
Canadiens - 6 on 7 Attempt(s) - 85.71%
- Score 0 goal in Penalty Kill
Jets - 2 on 2 Attempt(s) - 100.00%
- Score 0 goal in Penalty Kill
Team Stat
Canadiens - Hits : 17 - Faceoff Wins : 38 - Blocked Shots : 11 - Penalty Minutes : 14
Jets - Hits : 24 - Faceoff Wins : 32 - Blocked Shots : 9 - Penalty Minutes : 4
Official
Referees : Pierre Lambert and Justin St. Pierre
Linesman : Kiel Murchison and Travis Toomey
Game Notes
17:31 of 1st period - Jets goal is going for a video replay. After video review, No Goal. The attacking player has interfered with a goalkeeper in his goal crease.
Allen York enters game at 19:29 of 1st period
Tyler Toffoli has scored in a empty net!
Finance
Level 1 -- Attendance: 6000 (100.00%) -- Ticket Income $600,000
Level 2 -- Attendance: 5000 (100.00%) -- Ticket Income $300,000
Level 3 -- Attendance: 2000 (100.00%) -- Ticket Income $70,000
Level 4 -- Attendance: 4000 (100.00%) -- Ticket Income $100,000
Luxury Box -- Attendance: 1000 (100.00%) -- Ticket Income $200,000
Game was played at the Bell MTS Place.
Total Attendance: 18000 (100.00%)
Total Ticket Income: $1,270,000
Other Income: $190,500
Total Income: $1,460,500
Canadiens
5 vs 5 Forward
Center Left Wing Right Wing Time % Phy DF OF
1 Mika Zibanejad Chris Kreider Phil Kessel 40 0 1 4
2 Jean-Gabriel Pageau Greg Stewart Steve Downie 35 0 1 4
3 Ryan Kesler Scott Hartnell Mattias Tedenby 20 0 2 3
4 Corban Knight Brandon Bollig Jordan Szwarz 5 0 3 2
5 vs 5 Defense
Defense Defense Time % Phy DF OF
1 Kevin Shattenkirk Cam Fowler 40 0 2 3
2 Mark Stuart Adam Fox 30 0 2 3
3 Ian White Philip Larsen 20 0 3 2
4 Kevin Shattenkirk Cam Fowler 10 1 2 2
PowerPlay Forward
Center Left Wing Right Wing Time % Phy DF OF
1 Mika Zibanejad Chris Kreider Mattias Tedenby 60 0 0 5
2 Jean-Gabriel Pageau Greg Stewart Phil Kessel 40 0 0 5
PowerPlay Defense
Defense Defense Time % Phy DF OF
1 Kevin Shattenkirk Adam Fox 60 0 0 5
2 Mark Stuart Cam Fowler 40 0 0 5
Penalty Kill 4 Players Forward
Center Wing Time % Phy DF OF
1 Jean-Gabriel Pageau Scott Hartnell 60 0 4 1
2 Mika Zibanejad Chris Kreider 40 0 4 1
Penalty Kill 4 Players Defense
Defense Defense Time % Phy DF OF
1 Kevin Shattenkirk Cam Fowler 60 1 4 0
2 Philip Larsen Ian White 40 1 4 0
Penalty Kill - 3 Players Forward
Forward Time % Phy DF OF
1 Corban Knight 60 0 5 0
2 Ryan Kesler 40 0 5 0
Penalty Kill - 3 Players Defense
Defense Defense Time % Phy DF OF
1 Mark Stuart Philip Larsen 60 1 4 0
2 Ian White Cam Fowler 40 1 4 0
4 vs 4 Forward
Center Wing Time % Phy DF OF
1 Ryan Kesler Steve Downie 60 0 2 3
2 Corban Knight Mattias Tedenby 40 0 2 3
4 vs 4 Defense
Defense Defense Time % Phy DF OF
1 Mark Stuart Ian White 60 0 3 2
2 Kevin Shattenkirk Cam Fowler 40 0 3 2
Last Minutes Offensive
Center Left Wing Right Wing Defense Defense
Mika Zibanejad Chris Kreider Phil Kessel Kevin Shattenkirk Adam Fox
Last Minutes Defensive
Center Left Wing Right Wing Defense Defense
Jean-Gabriel Pageau Scott Hartnell Steve Downie Kevin Shattenkirk Cam Fowler
Goaltenders
Starting : John Gibson
Backup : Allen York
Extra Forwards
Normal : Chris Kreider, Mika Zibanejad, Jean-Gabriel Pageau - PP : Chris Kreider, Mika Zibanejad - PK : Scott Hartnell
Extra Defensemen
Normal : Kevin Shattenkirk, Cam Fowler, Adam Fox - PP : Kevin Shattenkirk - PK : Cam Fowler, Kevin Shattenkirk
Penalty Shots
Mattias Tedenby, Phil Kessel, Ryan Kesler, Greg Stewart, Mika Zibanejad
Scratches
Brian Dumoulin (Healthy), Nick Spaling (Healthy)
Jets
5 vs 5 Forward
Center Left Wing Right Wing Time % Phy DF OF
1 Ryan Johansen Alex Galchenyuk Tyler Toffoli 35 1 2 2
2 Tyler Seguin Max Domi Nick Bjugstad 35 1 2 2
3 Alexander Wennberg Jussi Jokinen Anthony Mantha 20 1 2 2
4 Noel Acciari Frank Vatrano Sam Reinhart 10 1 2 2
5 vs 5 Defense
Defense Defense Time % Phy DF OF
1 Ryan Murray Dougie Hamilton 40 1 2 2
2 Adam Larsson Marco Scandella 30 1 2 2
3 Brent Burns Troy Stetcher 30 1 2 2
4 Ryan Murray Adam Larsson 0 1 2 2
PowerPlay Forward
Center Left Wing Right Wing Time % Phy DF OF
1 Ryan Johansen Alex Galchenyuk Tyler Toffoli 55 1 0 4
2 Tyler Seguin Max Domi Nick Bjugstad 45 1 0 4
PowerPlay Defense
Defense Defense Time % Phy DF OF
1 Troy Stetcher Dougie Hamilton 60 0 1 4
2 Brent Burns Ryan Murray 40 0 1 4
Penalty Kill 4 Players Forward
Center Wing Time % Phy DF OF
1 Ryan Johansen Anthony Mantha 60 1 2 2
2 Tyler Toffoli Frank Vatrano 40 1 2 2
Penalty Kill 4 Players Defense
Defense Defense Time % Phy DF OF
1 Ryan Murray Marco Scandella 60 1 3 1
2 Dougie Hamilton Adam Larsson 40 1 3 1
Penalty Kill - 3 Players Forward
Forward Time % Phy DF OF
1 Ryan Johansen 60 0 4 1
2 Tyler Seguin 40 0 4 1
Penalty Kill - 3 Players Defense
Defense Defense Time % Phy DF OF
1 Ryan Murray Marco Scandella 60 1 4 0
2 Adam Larsson Dougie Hamilton 40 1 4 0
4 vs 4 Forward
Center Wing Time % Phy DF OF
1 Ryan Johansen Alex Galchenyuk 60 1 2 2
2 Tyler Seguin Max Domi 40 1 2 2
4 vs 4 Defense
Defense Defense Time % Phy DF OF
1 Adam Larsson Marco Scandella 60 1 2 2
2 Dougie Hamilton Ryan Murray 40 1 2 2
Last Minutes Offensive
Center Left Wing Right Wing Defense Defense
Ryan Johansen Alex Galchenyuk Tyler Toffoli Dougie Hamilton Marco Scandella
Last Minutes Defensive
Center Left Wing Right Wing Defense Defense
Ryan Johansen Frank Vatrano Tyler Toffoli Ryan Murray Marco Scandella
Goaltenders
Starting : Jacob Markstrom
Backup : Elvis Merzlikins
Extra Forwards
Normal : Nick Bjugstad, Max Domi, Anthony Mantha - PP : Nick Bjugstad, Alexander Wennberg - PK : Nick Bjugstad
Extra Defensemen
Normal : Dougie Hamilton, Adam Larsson, Marco Scandella - PP : Brent Burns - PK : Brent Burns, Marco Scandella
Penalty Shots
Ryan Johansen, Tyler Toffoli, Tyler Seguin, Jussi Jokinen, Nick Bjugstad
Scratches
None
% Time on Ice - Canadiens
Lines # - Real PCT - Wanted PCT - Time Play
Normal Forward
1 - 35% - 40% - 15:28
2 - 30% - 35% - 13:06
3 - 21% - 20% - 9:01
4 - 14% - 5% - 6:09
Normal Defense
1 - 44% - 40% - 19:23
2 - 32% - 30% - 13:59
3 - 20% - 20% - 8:57
4 - 3% - 10% - 1:25
PP Forward
1 - 56% - 60% - 1:43
2 - 44% - 40% - 1:20
PP Defense
1 - 66% - 60% - 2:01
2 - 34% - 40% - 1:02
PK Forward
1 - 69% - 60% - 8:09
2 - 31% - 40% - 3:43
PK Defense
1 - 78% - 60% - 9:16
2 - 22% - 40% - 2:36
PK3 Forward
1 - 0% - 60%
2 - 0% - 40%
PK3 Defense
1 - 0% - 60%
2 - 0% - 40%
44 Forward
1 - 100% - 60% - 0:55
2 - 0% - 40% - 0:00
44 Defense
1 - 47% - 60% - 0:26
2 - 53% - 40% - 0:29
Last Minute Offensive - 0:26
Last Minute Defensive - 0:00
Total
Forward - 60:00
Defense - 60:00
|
% Time on Ice - Jets
Lines # - Real PCT - Wanted PCT - Time Play
Normal Forward
1 - 30% - 35% - 13:11
2 - 31% - 35% - 13:25
3 - 24% - 20% - 10:28
4 - 15% - 10% - 6:40
Normal Defense
1 - 40% - 40% - 17:25
2 - 29% - 30% - 12:51
3 - 31% - 30% - 13:23
4 - 0% - 0% - 0:05
PP Forward
1 - 57% - 55% - 6:49
2 - 43% - 45% - 5:03
PP Defense
1 - 69% - 60% - 8:08
2 - 31% - 40% - 3:44
PK Forward
1 - 73% - 60% - 2:13
2 - 27% - 40% - 0:50
PK Defense
1 - 52% - 60% - 1:35
2 - 48% - 40% - 1:28
PK3 Forward
1 - 0% - 60%
2 - 0% - 40%
PK3 Defense
1 - 0% - 60%
2 - 0% - 40%
44 Forward
1 - 98% - 60% - 0:54
2 - 2% - 40% - 0:01
44 Defense
1 - 53% - 60% - 0:29
2 - 47% - 40% - 0:26
Last Minute Offensive - 0:00
Last Minute Defensive - 0:26
Total
Forward - 60:00
Defense - 60:00
|
Play-by-Play
1st period
0:01 of 1st period - Ryan Johansen wins face-off versus Mika Zibanejad in neutral zone.
0:08 of 1st period - Snap shot by Tyler Toffoli.
0:08 of 1st period - Shot Misses the Net.
0:10 of 1st period - Wrist shot by Ryan Murray.
0:10 of 1st period - Stopped by John Gibson with a rebound.
0:12 of 1st period - Wrist shot by Ryan Johansen.
0:12 of 1st period - Shot Misses the Net.
0:26 of 1st period - Ryan Murray is hit by Cam Fowler and loses puck.
1:11 of 1st period - Wrist shot by Chris Kreider.
1:11 of 1st period - Deflect By Marco Scandella.
1:11 of 1st period - Stopped by Jacob Markstrom without a rebound.
1:12 of 1st period - Mika Zibanejad wins face-off versus Noel Acciari in Jets zone.
1:38 of 1st period - Sam Reinhart is hit by Chris Kreider and loses puck.
2:10 of 1st period - Snap shot by Phil Kessel.
2:10 of 1st period - Shot Misses the Net.
2:12 of 1st period - Snap shot by Chris Kreider.
2:12 of 1st period - Stopped by Jacob Markstrom with a rebound.
2:30 of 1st period - Snap shot by Mika Zibanejad.
2:30 of 1st period - Shot Misses the Net.
2:38 of 1st period - Snap shot by Noel Acciari.
2:38 of 1st period - Shot Blocked by Cam Fowler.
2:42 of 1st period - Slapshot by Noel Acciari.
2:42 of 1st period - Deflect By Sam Reinhart.
2:42 of 1st period - Shot Blocked by Kevin Shattenkirk.
2:42 of 1st period - Puck is out of play.
2:43 of 1st period - Ryan Johansen wins face-off versus Jean-Gabriel Pageau in Canadiens zone.
2:44 of 1st period - Wrist shot by Alex Galchenyuk.
2:44 of 1st period - Shot Misses the Net.
3:12 of 1st period - Slapshot by Tyler Seguin.
3:12 of 1st period - Shot Misses the Net.
3:52 of 1st period - Dougie Hamilton is hit by Cam Fowler and loses puck.
4:33 of 1st period - Snap shot by Max Domi.
4:33 of 1st period - Shot Blocked by Corban Knight.
5:56 of 1st period - Jussi Jokinen is hit by Mark Stuart and loses puck.
6:14 of 1st period - Icing by Troy Stetcher.
6:15 of 1st period - Noel Acciari wins face-off versus Jordan Szwarz in Jets zone.
6:28 of 1st period - Slapshot by Alex Galchenyuk.
6:28 of 1st period - Goal by Alex Galchenyuk - Canadiens : 0 - Jets : 1.
6:29 of 1st period - Jean-Gabriel Pageau wins face-off versus Max Domi in neutral zone.
6:45 of 1st period - Snap shot by Cam Fowler.
6:45 of 1st period - Stopped by Jacob Markstrom without a rebound.
6:46 of 1st period - Mika Zibanejad wins face-off versus Ryan Johansen in Jets zone.
6:51 of 1st period - Snap shot by Mika Zibanejad.
6:51 of 1st period - Stopped by Jacob Markstrom with a rebound.
7:31 of 1st period - Icing by Nick Bjugstad.
7:32 of 1st period - Ryan Kesler wins face-off versus Tyler Seguin in Jets zone.
7:33 of 1st period - Snap shot by Scott Hartnell.
7:33 of 1st period - Shot Misses the Net.
7:35 of 1st period - Slapshot by Cam Fowler.
7:35 of 1st period - Shot Blocked by Troy Stetcher.
7:47 of 1st period - Snap shot by Mika Zibanejad.
7:47 of 1st period - Stopped by Jacob Markstrom without a rebound.
7:48 of 1st period - Greg Stewart wins face-off versus Ryan Johansen in Jets zone.
7:56 of 1st period - Minor Penalty to Cam Fowler for Hooking.
7:57 of 1st period - Ryan Johansen wins face-off versus Jean-Gabriel Pageau in Canadiens zone.
8:09 of 1st period - Snap shot by Tyler Toffoli.
8:09 of 1st period - Stopped by John Gibson without a rebound.
8:10 of 1st period - Ryan Johansen wins face-off versus Jean-Gabriel Pageau in Canadiens zone.
8:19 of 1st period - Snap shot by Alex Galchenyuk.
8:19 of 1st period - Stopped by John Gibson with a rebound.
9:27 of 1st period - Wrist shot by Scott Hartnell.
9:27 of 1st period - Shot Misses the Net.
9:44 of 1st period - Nick Bjugstad is hit by Corban Knight and loses puck.
9:56 of 1st period - Penalty to Cam Fowler is over, Cam Fowler is back on ice.
10:23 of 1st period - Cam Fowler is hit by Anthony Mantha and loses puck.
10:40 of 1st period - Wrist shot by Noel Acciari.
10:40 of 1st period - Shot Misses the Net.
10:42 of 1st period - Snap shot by Noel Acciari.
10:42 of 1st period - Shot Misses the Net.
12:12 of 1st period - Snap shot by Ryan Johansen.
12:12 of 1st period - Shot Misses the Net.
12:14 of 1st period - Slapshot by Adam Larsson.
12:14 of 1st period - Shot Misses the Net.
12:37 of 1st period - Wrist shot by Alexander Wennberg.
12:37 of 1st period - Deflect By Noel Acciari.
12:37 of 1st period - Shot Misses the Net.
12:37 of 1st period - Puck is out of play.
12:38 of 1st period - Noel Acciari wins face-off versus Ryan Kesler in Canadiens zone.
12:38 of 1st period - Troy Stetcher is hit by Ryan Kesler and loses puck.
12:52 of 1st period - Slapshot by Troy Stetcher.
12:52 of 1st period - Shot Misses the Net.
15:20 of 1st period - Snap shot by Ryan Johansen.
15:20 of 1st period - Goal by Ryan Johansen - Canadiens : 0 - Jets : 2.
15:21 of 1st period - Greg Stewart wins face-off versus Tyler Seguin in neutral zone.
15:28 of 1st period - Snap shot by Jean-Gabriel Pageau.
15:28 of 1st period - Shot Misses the Net.
15:48 of 1st period - Adam Fox is hit by Ryan Johansen and loses puck.
15:59 of 1st period - Slapshot by Ian White.
15:59 of 1st period - Deflect By Alex Galchenyuk.
15:59 of 1st period - Stopped by Jacob Markstrom with a rebound.
16:21 of 1st period - Wrist shot by Scott Hartnell.
16:21 of 1st period - Shot Blocked by Alexander Wennberg.
16:41 of 1st period - Snap shot by Noel Acciari.
16:41 of 1st period - Shot Misses the Net.
17:22 of 1st period - Minor Penalty to Philip Larsen for Interference.
17:23 of 1st period - Ryan Johansen wins face-off versus Jean-Gabriel Pageau in Canadiens zone.
17:29 of 1st period - Snap shot by Alex Galchenyuk.
17:29 of 1st period - Shot Blocked by Cam Fowler.
17:31 of 1st period - Snap shot by Ryan Johansen.
17:31 of 1st period - Jets goal is going for a video replay.
17:31 of 1st period - The goal is refused. The attacking player has interfered with a goalkeeper in his goal crease..
17:32 of 1st period - Ryan Johansen wins face-off versus Jean-Gabriel Pageau in Canadiens zone.
18:15 of 1st period - Slapshot by Alex Galchenyuk.
18:15 of 1st period - Goal by Alex Galchenyuk - Canadiens : 0 - Jets : 3.
18:16 of 1st period - Mika Zibanejad wins face-off versus Tyler Seguin in neutral zone.
18:21 of 1st period - Ryan Murray is hit by Chris Kreider and loses puck.
18:30 of 1st period - Wrist shot by Tyler Seguin.
18:30 of 1st period - Shot Misses the Net.
18:32 of 1st period - Slapshot by Dougie Hamilton.
18:32 of 1st period - Stopped by John Gibson without a rebound.
18:33 of 1st period - Jean-Gabriel Pageau wins face-off versus Ryan Johansen in Canadiens zone.
18:41 of 1st period - Off-side.
18:42 of 1st period - Jean-Gabriel Pageau wins face-off versus Ryan Johansen in neutral zone.
18:53 of 1st period - Dougie Hamilton is hit by Cam Fowler and loses puck.
18:59 of 1st period - Icing by Alex Galchenyuk.
19:00 of 1st period - Mika Zibanejad wins face-off versus Ryan Johansen in Jets zone.
19:29 of 1st period - Wrist shot by Nick Bjugstad.
19:29 of 1st period - Goal by Nick Bjugstad - Canadiens : 0 - Jets : 4.
19:29 of 1st period - Allen York enters game.
19:30 of 1st period - Tyler Seguin wins face-off versus Mika Zibanejad in neutral zone.
Goals for this period are 0 for Canadiens vs 4 for Jets.
Shots for this period are 6 for Canadiens vs 9 for Jets.
2nd period
0:01 of 2nd period - Ryan Johansen wins face-off versus Jean-Gabriel Pageau in neutral zone.
0:06 of 2nd period - Snap shot by Alex Galchenyuk.
0:06 of 2nd period - Shot Misses the Net.
0:26 of 2nd period - Chris Kreider is hit by Max Domi and loses puck.
1:05 of 2nd period - Minor Penalty to Mattias Tedenby for Holding Stick.
1:06 of 2nd period - Ryan Johansen wins face-off versus Jean-Gabriel Pageau in Canadiens zone.
1:23 of 2nd period - Jean-Gabriel Pageau is hit by Tyler Toffoli and loses puck.
1:35 of 2nd period - Icing by Nick Bjugstad.
1:36 of 2nd period - Chris Kreider wins face-off versus Tyler Seguin in Jets zone.
1:39 of 2nd period - Slapshot by Mika Zibanejad.
1:39 of 2nd period - Shot Blocked by Troy Stetcher.
1:41 of 2nd period - Wrist shot by Chris Kreider.
1:41 of 2nd period - Shot Blocked by Max Domi.
1:43 of 2nd period - Snap shot by Chris Kreider.
1:43 of 2nd period - Stopped by Jacob Markstrom with a rebound.
1:45 of 2nd period - Snap shot by Chris Kreider.
1:45 of 2nd period - Shot Misses the Net.
2:21 of 2nd period - Wrist shot by Tyler Seguin.
2:21 of 2nd period - Shot Misses the Net.
2:27 of 2nd period - Wrist shot by Tyler Seguin.
2:27 of 2nd period - Shot Blocked by Jean-Gabriel Pageau.
2:39 of 2nd period - Snap shot by Nick Bjugstad.
2:39 of 2nd period - Shot Misses the Net.
2:41 of 2nd period - Wrist shot by Max Domi.
2:41 of 2nd period - Stopped by Allen York with a rebound.
2:43 of 2nd period - Snap shot by Tyler Seguin.
2:43 of 2nd period - Stopped by Allen York without a rebound.
2:44 of 2nd period - Ryan Johansen wins face-off versus Mika Zibanejad in Canadiens zone.
2:55 of 2nd period - Slapshot by Alex Galchenyuk.
2:55 of 2nd period - Shot Misses the Net.
3:05 of 2nd period - Penalty to Mattias Tedenby is over, Mattias Tedenby is back on ice.
3:05 of 2nd period - Snap shot by Mika Zibanejad.
3:05 of 2nd period - Goal by Mika Zibanejad - Canadiens : 1 - Jets : 4.
3:06 of 2nd period - Jean-Gabriel Pageau wins face-off versus Ryan Johansen in neutral zone.
4:19 of 2nd period - Backhand shot by Alex Galchenyuk.
4:19 of 2nd period - Shot Blocked by Mattias Tedenby.
4:23 of 2nd period - Snap shot by Alex Galchenyuk.
4:23 of 2nd period - Stopped by Allen York without a rebound.
4:24 of 2nd period - Mika Zibanejad wins face-off versus Tyler Seguin in Canadiens zone.
4:47 of 2nd period - Minor Penalty to Dougie Hamilton for Kneeing.
4:48 of 2nd period - Mika Zibanejad wins face-off versus Ryan Johansen in Jets zone.
4:55 of 2nd period - Snap shot by Chris Kreider.
4:55 of 2nd period - Stopped by Jacob Markstrom with a rebound.
4:57 of 2nd period - Slapshot by Kevin Shattenkirk.
4:57 of 2nd period - Shot Misses the Net.
4:59 of 2nd period - Slapshot by Kevin Shattenkirk.
4:59 of 2nd period - Shot Misses the Net.
6:47 of 2nd period - Penalty to Dougie Hamilton is over, Dougie Hamilton is back on ice.
6:58 of 2nd period - Mark Stuart is hit by Dougie Hamilton.
7:48 of 2nd period - Snap shot by Alex Galchenyuk.
7:48 of 2nd period - Shot Blocked by Jean-Gabriel Pageau.
7:50 of 2nd period - Snap shot by Adam Larsson.
7:50 of 2nd period - Shot Blocked by Ian White.
8:36 of 2nd period - Cam Fowler is hit by Ryan Murray and loses puck.
8:43 of 2nd period - Mattias Tedenby is hit by Sam Reinhart and loses puck.
9:13 of 2nd period - Wrist shot by Anthony Mantha.
9:13 of 2nd period - Shot Misses the Net.
9:36 of 2nd period - Tyler Toffoli is hit by Ian White and loses puck.
10:36 of 2nd period - Anthony Mantha is hit by Brandon Bollig and loses puck.
10:43 of 2nd period - Brandon Bollig is hit by Anthony Mantha and loses puck.
11:17 of 2nd period - Slapshot by Kevin Shattenkirk.
11:17 of 2nd period - Deflect By Mattias Tedenby.
11:17 of 2nd period - Shot Misses the Net.
11:17 of 2nd period - Puck is out of play.
11:18 of 2nd period - Ryan Johansen wins face-off versus Ryan Kesler in Jets zone.
11:35 of 2nd period - Ryan Kesler is hit by Ryan Johansen and loses puck.
11:50 of 2nd period - Minor Penalty to Cam Fowler for Tripping.
11:51 of 2nd period - Ryan Johansen wins face-off versus Jean-Gabriel Pageau in Canadiens zone.
12:03 of 2nd period - Backhand shot by Ryan Johansen.
12:03 of 2nd period - Shot Misses the Net.
12:05 of 2nd period - Slapshot by Dougie Hamilton.
12:05 of 2nd period - Stopped by Allen York with a rebound.
12:07 of 2nd period - Wrist shot by Ryan Johansen.
12:07 of 2nd period - Shot Hit the Post.
13:15 of 2nd period - Slapshot by Mark Stuart.
13:15 of 2nd period - Deflect By Scott Hartnell.
13:15 of 2nd period - Deflect By Dougie Hamilton.
13:15 of 2nd period - Stopped by Jacob Markstrom with a rebound.
13:50 of 2nd period - Penalty to Cam Fowler is over, Cam Fowler is back on ice.
14:30 of 2nd period - Slapshot by Cam Fowler.
14:30 of 2nd period - Stopped by Jacob Markstrom without a rebound.
14:31 of 2nd period - Ryan Kesler wins face-off versus Jussi Jokinen in Jets zone.
14:34 of 2nd period - Slapshot by Scott Hartnell.
14:34 of 2nd period - Deflect By Mattias Tedenby.
14:34 of 2nd period - Goal by Mattias Tedenby - Canadiens : 2 - Jets : 4.
14:35 of 2nd period - Mika Zibanejad wins face-off versus Nick Bjugstad in neutral zone.
15:02 of 2nd period - Steve Downie is hit by Alex Galchenyuk and loses puck.
15:27 of 2nd period - Slapshot by Jussi Jokinen.
15:27 of 2nd period - Shot Misses the Net.
15:29 of 2nd period - Snap shot by Jussi Jokinen.
15:29 of 2nd period - Goal by Jussi Jokinen - Canadiens : 2 - Jets : 5.
15:30 of 2nd period - Tyler Seguin wins face-off versus Mika Zibanejad in neutral zone.
15:44 of 2nd period - Brent Burns is hit by Phil Kessel and loses puck.
15:59 of 2nd period - Snap shot by Alexander Wennberg.
15:59 of 2nd period - Deflect By Anthony Mantha.
15:59 of 2nd period - Shot Misses the Net.
15:59 of 2nd period - Puck is out of play.
16:00 of 2nd period - Alexander Wennberg wins face-off versus Steve Downie in Canadiens zone.
17:10 of 2nd period - Slapshot by Ryan Johansen.
17:10 of 2nd period - Stopped by Allen York without a rebound.
17:11 of 2nd period - Corban Knight wins face-off versus Ryan Johansen in Canadiens zone.
17:20 of 2nd period - Backhand shot by Corban Knight.
17:20 of 2nd period - Stopped by Jacob Markstrom with a rebound.
17:22 of 2nd period - Slapshot by Cam Fowler.
17:22 of 2nd period - Deflect By Corban Knight.
17:22 of 2nd period - Shot Blocked by Tyler Toffoli.
17:22 of 2nd period - Puck is out of play.
17:23 of 2nd period - Ryan Johansen wins face-off versus Jean-Gabriel Pageau in Jets zone.
18:12 of 2nd period - Jussi Jokinen is hit by Mattias Tedenby and loses puck.
18:23 of 2nd period - Snap shot by Mattias Tedenby.
18:23 of 2nd period - Deflect By Ryan Kesler.
18:23 of 2nd period - Shot Misses the Net.
18:23 of 2nd period - Puck is out of play.
18:24 of 2nd period - Ryan Johansen wins face-off versus Jean-Gabriel Pageau in Jets zone.
18:59 of 2nd period - Wrist shot by Nick Bjugstad.
18:59 of 2nd period - Stopped by Allen York without a rebound.
19:00 of 2nd period - Mika Zibanejad wins face-off versus Ryan Johansen in Canadiens zone.
19:42 of 2nd period - Minor Penalty to Greg Stewart for Tripping.
19:43 of 2nd period - Jean-Gabriel Pageau wins face-off versus Ryan Johansen in Canadiens zone.
19:52 of 2nd period - Jean-Gabriel Pageau is hit by Tyler Toffoli.
19:55 of 2nd period - Off-side.
19:56 of 2nd period - Jean-Gabriel Pageau wins face-off versus Ryan Johansen in neutral zone.
Goals for this period are 2 for Canadiens vs 1 for Jets.
Shots for this period are 7 for Canadiens vs 7 for Jets.
3rd period
0:01 of 3rd period - Jean-Gabriel Pageau wins face-off versus Ryan Johansen in neutral zone.
1:42 of 3rd period - Penalty to Greg Stewart is over, Greg Stewart is back on ice.
2:08 of 3rd period - Steve Downie is hit by Sam Reinhart and loses puck.
2:17 of 3rd period - Snap shot by Sam Reinhart.
2:17 of 3rd period - Stopped by Allen York with a rebound.
2:19 of 3rd period - Slapshot by Frank Vatrano.
2:19 of 3rd period - Stopped by Allen York with a rebound.
2:21 of 3rd period - Slapshot by Frank Vatrano.
2:21 of 3rd period - Goal by Frank Vatrano - Canadiens : 2 - Jets : 6.
2:22 of 3rd period - Mika Zibanejad wins face-off versus Ryan Johansen in neutral zone.
2:26 of 3rd period - Minor Penalty to Cam Fowler for Boarding.
2:27 of 3rd period - Jean-Gabriel Pageau wins face-off versus Ryan Johansen in Canadiens zone.
2:35 of 3rd period - Snap shot by Alex Galchenyuk.
2:35 of 3rd period - Shot Blocked by Kevin Shattenkirk.
3:08 of 3rd period - Ian White is hit by Troy Stetcher.
3:46 of 3rd period - Chris Kreider is hit by Ryan Murray and loses puck.
4:26 of 3rd period - Penalty to Cam Fowler is over, Cam Fowler is back on ice.
4:34 of 3rd period - Snap shot by Alexander Wennberg.
4:34 of 3rd period - Shot Blocked by Philip Larsen.
4:42 of 3rd period - Snap shot by Alexander Wennberg.
4:42 of 3rd period - Stopped by Allen York with a rebound.
4:44 of 3rd period - Slapshot by Jussi Jokinen.
4:44 of 3rd period - Stopped by Allen York without a rebound.
4:45 of 3rd period - Noel Acciari wins face-off versus Corban Knight in Canadiens zone.
5:00 of 3rd period - Sam Reinhart is hit by Cam Fowler.
5:10 of 3rd period - Dougie Hamilton is hit by Steve Downie and loses puck.
5:19 of 3rd period - Snap shot by Greg Stewart.
5:19 of 3rd period - Stopped by Jacob Markstrom without a rebound.
5:20 of 3rd period - Mika Zibanejad wins face-off versus Ryan Johansen in Jets zone.
6:30 of 3rd period - Corban Knight is hit by Frank Vatrano and loses puck.
6:37 of 3rd period - Wrist shot by Frank Vatrano.
6:37 of 3rd period - Stopped by Allen York with a rebound.
6:39 of 3rd period - Slapshot by Noel Acciari.
6:39 of 3rd period - Shot Hit the Post.
6:41 of 3rd period - Slapshot by Brent Burns.
6:41 of 3rd period - Shot Misses the Net.
6:50 of 3rd period - Cam Fowler is hit by Dougie Hamilton and loses puck.
7:11 of 3rd period - Chris Kreider is hit by Max Domi and loses puck.
7:18 of 3rd period - Snap shot by Max Domi.
7:18 of 3rd period - Shot Misses the Net.
7:20 of 3rd period - Slapshot by Adam Larsson.
7:20 of 3rd period - Stopped by Allen York with a rebound.
7:22 of 3rd period - Slapshot by Adam Larsson.
7:22 of 3rd period - Shot Misses the Net.
7:34 of 3rd period - Wrist shot by Steve Downie.
7:34 of 3rd period - Shot Blocked by Jussi Jokinen.
7:36 of 3rd period - Wrist shot by Jean-Gabriel Pageau.
7:36 of 3rd period - Shot Misses the Net.
7:38 of 3rd period - Wrist shot by Greg Stewart.
7:38 of 3rd period - Shot Misses the Net.
7:40 of 3rd period - Slapshot by Steve Downie.
7:40 of 3rd period - Stopped by Jacob Markstrom without a rebound.
7:41 of 3rd period - Jean-Gabriel Pageau wins face-off versus Ryan Johansen in Jets zone.
7:45 of 3rd period - Snap shot by Steve Downie.
7:45 of 3rd period - Stopped by Jacob Markstrom without a rebound.
7:46 of 3rd period - Jean-Gabriel Pageau wins face-off versus Ryan Johansen in Jets zone.
7:47 of 3rd period - Slapshot by Greg Stewart.
7:47 of 3rd period - Stopped by Jacob Markstrom with a rebound.
7:49 of 3rd period - Slapshot by Mark Stuart.
7:49 of 3rd period - Deflect By Greg Stewart.
7:49 of 3rd period - Goal by Greg Stewart - Canadiens : 3 - Jets : 6.
7:50 of 3rd period - Tyler Seguin wins face-off versus Phil Kessel in neutral zone.
7:59 of 3rd period - Slapshot by Nick Bjugstad.
7:59 of 3rd period - Stopped by Allen York without a rebound.
8:00 of 3rd period - Mika Zibanejad wins face-off versus Tyler Seguin in Canadiens zone.
8:08 of 3rd period - Icing by Phil Kessel.
8:09 of 3rd period - Mika Zibanejad wins face-off versus Ryan Johansen in Canadiens zone.
8:09 of 3rd period - Mika Zibanejad is hit by Ryan Murray.
8:15 of 3rd period - Backhand shot by Chris Kreider.
8:15 of 3rd period - Stopped by Jacob Markstrom without a rebound.
8:16 of 3rd period - Ryan Johansen wins face-off versus Jean-Gabriel Pageau in Jets zone.
8:21 of 3rd period - Snap shot by Greg Stewart.
8:21 of 3rd period - Stopped by Jacob Markstrom without a rebound.
8:22 of 3rd period - Ryan Johansen wins face-off versus Jean-Gabriel Pageau in Jets zone.
8:22 of 3rd period - Ryan Johansen is hit by Cam Fowler.
8:54 of 3rd period - Slapshot by Phil Kessel.
8:54 of 3rd period - Stopped by Jacob Markstrom with a rebound.
9:34 of 3rd period - Wrist shot by Sam Reinhart.
9:34 of 3rd period - Stopped by Allen York with a rebound.
9:36 of 3rd period - Slapshot by Adam Larsson.
9:36 of 3rd period - Stopped by Allen York without a rebound.
9:37 of 3rd period - Jean-Gabriel Pageau wins face-off versus Ryan Johansen in Canadiens zone.
9:37 of 3rd period - Jean-Gabriel Pageau is hit by Alex Galchenyuk.
9:47 of 3rd period - Wrist shot by Alex Galchenyuk.
9:47 of 3rd period - Shot Blocked by Adam Fox.
10:33 of 3rd period - Wrist shot by Mika Zibanejad.
10:33 of 3rd period - Stopped by Jacob Markstrom with a rebound.
10:46 of 3rd period - Icing by Phil Kessel.
10:47 of 3rd period - Noel Acciari wins face-off versus Mika Zibanejad in Canadiens zone.
10:48 of 3rd period - Wrist shot by Sam Reinhart.
10:48 of 3rd period - Stopped by Allen York without a rebound.
10:49 of 3rd period - Ryan Johansen wins face-off versus Phil Kessel in Canadiens zone.
10:52 of 3rd period - Snap shot by Ryan Johansen.
10:52 of 3rd period - Shot Misses the Net.
11:02 of 3rd period - Snap shot by Phil Kessel.
11:02 of 3rd period - Shot Misses the Net.
11:04 of 3rd period - Snap shot by Chris Kreider.
11:04 of 3rd period - Shot Blocked by Troy Stetcher.
11:06 of 3rd period - Slapshot by Cam Fowler.
11:06 of 3rd period - Shot Misses the Net.
11:38 of 3rd period - Snap shot by Jussi Jokinen.
11:38 of 3rd period - Shot Misses the Net.
11:56 of 3rd period - Minor Penalty to Corban Knight for Hooking.
11:57 of 3rd period - Jean-Gabriel Pageau wins face-off versus Tyler Toffoli in Canadiens zone.
12:08 of 3rd period - Kevin Shattenkirk is hit by Tyler Toffoli and loses puck.
12:27 of 3rd period - Cam Fowler is hit by Tyler Seguin and loses puck.
12:32 of 3rd period - Slapshot by Nick Bjugstad.
12:32 of 3rd period - Stopped by Allen York without a rebound.
12:33 of 3rd period - Jean-Gabriel Pageau wins face-off versus Ryan Johansen in Canadiens zone.
12:33 of 3rd period - Jean-Gabriel Pageau is hit by Ryan Johansen.
13:00 of 3rd period - Minor Penalty to Nick Bjugstad for Roughing.
13:01 of 3rd period - Ryan Johansen wins face-off versus Steve Downie in Jets zone.
13:12 of 3rd period - Mark Stuart is hit by Ryan Johansen.
13:29 of 3rd period - Icing by Steve Downie.
13:30 of 3rd period - Ryan Johansen wins face-off versus Ryan Kesler in Canadiens zone.
13:56 of 3rd period - Penalty to Corban Knight is over, Corban Knight is back on ice.
13:56 of 3rd period - Off-side.
13:57 of 3rd period - Mika Zibanejad wins face-off versus Tyler Seguin in neutral zone.
15:00 of 3rd period - Penalty to Nick Bjugstad is over, Nick Bjugstad is back on ice.
15:11 of 3rd period - Snap shot by Nick Bjugstad.
15:11 of 3rd period - Stopped by Allen York without a rebound.
15:12 of 3rd period - Tyler Seguin wins face-off versus Jean-Gabriel Pageau in Canadiens zone.
15:13 of 3rd period - Snap shot by Nick Bjugstad.
15:13 of 3rd period - Stopped by Allen York with a rebound.
15:18 of 3rd period - Off-side.
15:19 of 3rd period - Jean-Gabriel Pageau wins face-off versus Tyler Seguin in neutral zone.
16:11 of 3rd period - Snap shot by Scott Hartnell.
16:11 of 3rd period - Stopped by Jacob Markstrom without a rebound.
16:12 of 3rd period - Tyler Seguin wins face-off versus Mika Zibanejad in Jets zone.
16:12 of 3rd period - Tyler Seguin is hit by Mika Zibanejad.
16:25 of 3rd period - Off-side.
16:26 of 3rd period - Tyler Toffoli wins face-off versus Mika Zibanejad in neutral zone.
16:31 of 3rd period - Snap shot by Tyler Toffoli.
16:31 of 3rd period - Deflect By Ryan Johansen.
16:31 of 3rd period - Shot Misses the Net.
16:31 of 3rd period - Puck is out of play.
16:32 of 3rd period - Mika Zibanejad wins face-off versus Ryan Johansen in Canadiens zone.
16:43 of 3rd period - Snap shot by Mika Zibanejad.
16:43 of 3rd period - Shot Blocked by Dougie Hamilton.
16:54 of 3rd period - Off-side.
16:55 of 3rd period - Steve Downie wins face-off versus Tyler Seguin in neutral zone.
17:08 of 3rd period - Wrist shot by Greg Stewart.
17:08 of 3rd period - Goal by Greg Stewart - Canadiens : 4 - Jets : 6.
17:09 of 3rd period - Ryan Kesler wins face-off versus Alexander Wennberg in neutral zone.
17:14 of 3rd period - Wrist shot by Ryan Kesler.
17:14 of 3rd period - Shot Blocked by Anthony Mantha.
17:16 of 3rd period - Snap shot by Scott Hartnell.
17:16 of 3rd period - Stopped by Jacob Markstrom without a rebound.
17:17 of 3rd period - Alexander Wennberg wins face-off versus Mattias Tedenby in Jets zone.
17:33 of 3rd period - Slapshot by Kevin Shattenkirk.
17:33 of 3rd period - Stopped by Jacob Markstrom with a rebound.
17:35 of 3rd period - Slapshot by Cam Fowler.
17:35 of 3rd period - Shot Misses the Net.
18:11 of 3rd period - Slapshot by Ryan Kesler.
18:11 of 3rd period - Shot Misses the Net.
18:15 of 3rd period - Slapshot by Ryan Kesler.
18:15 of 3rd period - Stopped by Jacob Markstrom with a rebound.
18:17 of 3rd period - Snap shot by Scott Hartnell.
18:17 of 3rd period - Stopped by Jacob Markstrom with a rebound.
18:19 of 3rd period - Snap shot by Scott Hartnell.
18:19 of 3rd period - Goal by Scott Hartnell - Canadiens : 5 - Jets : 6.
18:20 of 3rd period - Mika Zibanejad wins face-off versus Alex Galchenyuk in neutral zone.
18:47 of 3rd period - Brent Burns is hit by Mark Stuart and loses puck.
18:50 of 3rd period - Canadiens, Allen York is pulled from the net.
18:58 of 3rd period - Slapshot by Jean-Gabriel Pageau.
18:58 of 3rd period - Stopped by Jacob Markstrom without a rebound.
18:59 of 3rd period - Mike Babcock call a timeout for Canadiens.
18:59 of 3rd period - Mika Zibanejad wins face-off versus Ryan Johansen in Jets zone.
19:24 of 3rd period - Slapshot by Tyler Toffoli.
19:24 of 3rd period - Goal by Tyler Toffoli - Canadiens : 5 - Jets : 7.
19:24 of 3rd period - Allen York from Canadiens was sent back in the game.
19:25 of 3rd period - Alexander Wennberg wins face-off versus Ryan Kesler in neutral zone.
19:28 of 3rd period - Scott Hartnell is hit by Jussi Jokinen and loses puck.
19:41 of 3rd period - Snap shot by Jussi Jokinen.
19:41 of 3rd period - Stopped by Allen York without a rebound.
19:42 of 3rd period - Noel Acciari wins face-off versus Jean-Gabriel Pageau in Canadiens zone.
19:57 of 3rd period - Slapshot by Ryan Murray.
19:57 of 3rd period - Shot Misses the Net.
Goals for this period are 3 for Canadiens vs 2 for Jets.
Shots for this period are 17 for Canadiens vs 16 for Jets.
Output by the SimonT Hockey Simulator (STHS) for Francois Prevost